 Dungeon Crawl Stone Soup version 0.25.1-2-g60ff931df9 (webtiles) character file.

Game seed: 17194002667678020773

2998 gruber the Martial Artist (level 9, -9/73 HPs)
             Began as a Green Draconian Transmuter on Sept 28, 2020.
             Was a Follower of Fedhas.
             Mangled by a crocodile (14 damage)
             ... on level 7 of the Dungeon.
             The game lasted 00:12:17 (10399 turns).

gruber the Martial Artist (DrTm)                   Turns: 10399, Time: 00:12:17

Health: -9/73      AC:  2    Str: 12      XL:     9   Next: 54%
Magic:  11/12      EV: 23    Int: 16      God:    Fedhas [*.....]
Gold:   456        SH:  0    Dex: 17 (18) Spells: 2/12 levels left

rFire    . . .     SeeInvis .     - Unarmed
rCold    . . .     Gourm    .   (shield currently unavailable)
rNeg     + . .     Faith    .   (armour unavailable)
rPois    x         Spirit   .   (helmet currently unavailable)
rElec    .         Reflect  .   (cloak currently unavailable)
rCorr    .         Harm     .   (gloves currently unavailable)
MR       .....                  (boots currently unavailable)
Stlth    ++........             (no amulet)
HPRegen  0.22/turn              z - +4 ring of evasion
MPRegen  0.13/turn              C - ring of positive energy

@: spider-form
A: tiny, (breathe noxious fumes), unfitting armour, AC +7
a: End Transformation, Renounce Religion


You were on level 7 of the Dungeon.
You worshipped Fedhas.
Fedhas was aware of your devotion.
You were not hungry.
You were a venomous arachnid creature.
You visited 2 branches of the dungeon, and saw 9 of its levels.

You collected 456 gold pieces.

Inventory:

Hand Weapons
 d - a +0 hunting sling (melded)
Missiles
 a - 76 arrows
 k - 239 stones (quivered)
Armour
 f - a +2 hat (melded)
 p - a +2 pair of boots (melded)
 B - a +2 kite shield
Jewellery
 z - a +4 ring of evasion (left front leg)
 C - a ring of positive energy (right front leg)
Wands
 v - a wand of paralysis (9)
 y - a wand of polymorph (12)
Scrolls
 e - 5 scrolls of identify
 g - 3 scrolls of enchant armour {unknown}
 i - 5 scrolls of teleportation
 j - 2 scrolls of amnesia {unknown}
 l - 3 scrolls of remove curse {unknown}
 m - 3 scrolls of enchant weapon {unknown}
 q - 2 scrolls of blinking {unknown}
 r - 3 scrolls of fog {unknown}
 t - 3 scrolls of magic mapping {unknown}
Potions
 b - 3 potions of magic
 h - a potion of heal wounds
 n - 2 potions of cancellation {unknown}
 o - 2 potions of curing {unknown}
 s - a potion of degeneration {unknown}
 u - a potion of mutation {unknown}
 w - a potion of invisibility {unknown}
 x - 5 potions of flight {unknown}
 A - 3 potions of lignification {unknown}
Comestibles
 c - 10 rations


   Skills:
 * Level 4.8 Fighting
 - Level 1.7 Dodging
 - Level 9.0 Unarmed Combat
 - Level 2.0 Spellcasting
 - Level 8.0 Transmutations
 - Level 0.1 Ice Magic
 - Level 6.2 Poison Magic


You had 2 spell levels left.
You knew the following spells:

 Your Spells              Type           Power        Failure   Level  Hunger
a - Beastly Appendage     Tmut           ####..       4%          1    #......
b - Sticks to Snakes      Tmut           ####....     5%          2    ###....
c - Spider Form           Tmut/Pois      ###.......   11%         3    ###....
d - Ice Form              Ice/Tmut       ##......     58%         4    #####..

Your spell library contained the following spells:

 Spells                   Type           Power        Failure   Level  Hunger
 Animate Skeleton         Necr           N/A          41%         1    #......
 Apportation              Tloc           #.....       41%         1    #......
 Corona                   Hex            #......      41%         1    #......
 Pain                     Necr           #...         41%         1    #......
 Summon Small Mammal      Summ           #...         41%         1    #......
 Blade Hands              Tmut           ####......   43%         5    ######.
 Vampiric Draining        Necr           #.........   73%         3    ###....
 Animate Dead             Necr           N/A          97%         4    #####..
 Agony                    Necr           #.......     100%        5    ######.


Dungeon Overview and Level Annotations

Branches:
Dungeon (8/15)             Temple (1/1) D:5
   Lair: D:8-11

Altars:
Ashenzari
Cheibriados
Dithmenos
Elyvilon
Fedhas
Gozag
Hepliaklqana
Kikubaaqudgha
Makhleb
Nemelex Xobeh
Okawaru
Qazlal
Ru
Sif Muna
Uskayaw
Vehumet
Xom
Yredelemnul
The Shining One


Innate Abilities, Weirdness & Mutations

((You can breathe blasts of noxious fumes.))
((Your lurid green scales are hard. (AC +7)))
You cannot fit into any form of body armour.
((Your system is resistant to poisons. (rPois)))
((You are cold-blooded and may be slowed by cold attacks.))


Message History

* * * LOW HITPOINT WARNING * * *
You are struck by the porcupine's spines.
* * * LOW HITPOINT WARNING * * *
You bite the porcupine!
You kill the porcupine!
Fedhas accepts your kill.
You hit the crocodile but do no damage.
The crocodile is poisoned.
The crocodile bites you!
* * * LOW HITPOINT WARNING * * *
You hit the crocodile.
The crocodile looks as sick as possible!
The crocodile is lightly wounded.
The crocodile bites you.
* * * LOW HITPOINT WARNING * * *
Unknown command.
Evoke which item? (* to show all) (? for menu, Esc to quit)
Okay, then.
The crocodile bites you!
You die...
Fedhas appreciates your contribution to the ecosystem.

##.....>.......#
#...##).#.##
#####.########.###...##.##.#
...##.# #...........##.#
...##.# ###.........####.#
...##.# ###.............##.#
...##.# #......#.......###.#
...##.###..#####.#.##..##..#
...##.##..................##
...##...........s.........#
........#.......t..##.....#
...###..#.........###.....#
....†...........####......#
#.####.##.).....##........#
#..###.##..........##.....#
#...##.##........###......#
....#............###......#
..............####...######


You could see a crocodile (very poisoned).

Vanquished Creatures
  2 hungry ghosts
  Edmund (D:4)
  2 porcupines
  Duvessa (D:5)
  An orc warrior (D:6)
  2 sky beasts
  3 ogres
  A centaur (D:7)
  5 bullfrogs
  Dowan (D:5)
  2 scorpions
  3 killer bees (D:8)
  4 crimson imps
  2 bullfrog zombies (D:8)
  A quasit (D:8)
  2 jellies
  An orc priest (D:6)
  4 hounds
  A bullfrog skeleton (D:8)
  A centaur skeleton (D:6)
  2 iguanas
  Natasha (thrice) (D:4)
  6 orc wizards
  3 worker ants
  2 hound zombies
  Robin (D:3)
  A worker ant zombie (D:6)
  9 adders
  3 oozes
  An adder zombie (D:6)
  2 adder skeletons
  2 worms
  4 dart slugs
  7 leopard geckos
  23 orcs
  7 giant cockroaches
  8 hobgoblins
  2 jackals (D:7)
  3 quokkas
  6 ball pythons
  8 bats
  2 frilled lizards (D:2)
  12 goblins
  6 kobolds
  A quokka skeleton (D:5)
  7 rats
171 creatures vanquished.

Vanquished Creatures (others)
  2 fungi (D:8)
  4 plants (D:8)
6 creatures vanquished.

Grand Total: 177 creatures vanquished

Notes
Turn   | Place    | Note
-------+----------+-------------------------------------------
     0 | D:1      | gruber the Draconian Transmuter began the quest for the
                  | Orb.
     0 | D:1      | Reached XP level 1. HP: 16/16 MP: 3/3
   175 | D:1      | Reached XP level 2. HP: 23/23 MP: 5/5
  1108 | D:2      | Reached XP level 3. HP: 28/28 MP: 4/6
  2037 | D:2      | Reached XP level 4. HP: 35/35 MP: 7/7
  2420 | D:3      | Found an opulent altar of Gozag.
  2516 | D:3      | Learned a level 2 spell: Sticks to Snakes
  2520 | D:3      | Learned a level 3 spell: Spider Form
  2958 | D:3      | Reached skill level 4 in Unarmed Combat
  3219 | D:3      | Noticed Robin
  3242 | D:3      | Killed Robin
  3247 | D:3      | Reached XP level 5. HP: 38/40 MP: 5/8
  3790 | D:4      | Reached skill level 5 in Unarmed Combat
  4094 | D:4      | Found a snail-covered altar of Cheibriados.
  4127 | D:4      | Reached XP level 6. HP: 47/47 MP: 9/9
  4399 | D:4      | Noticed a sky beast
  4410 | D:4      | Killed a sky beast
  4410 | D:4      | Reached skill level 6 in Unarmed Combat
  4649 | D:4      | Noticed Natasha
  4659 | D:4      | Killed Natasha
  4659 | D:4      | Reached skill level 1 in Poison Magic
  4746 | D:4      | Noticed Edmund
  4764 | D:4      | Killed Edmund
  4764 | D:4      | Your scales start taking on a lurid green colour.
  4764 | D:4      | Reached XP level 7. HP: 39/52 MP: 7/10
  4764 | D:4      | Gained mutation: Your system is resistant to poisons.
                  | (rPois) [Green Draconian growth]
  5022 | D:4      | Noticed Natasha
  5028 | D:4      | Killed Natasha
  5069 | D:4      | Found a hazy altar of Hepliaklqana.
  5110 | D:4      | Noticed Natasha
  5119 | D:4      | Killed Natasha
  5313 | D:5      | Entered Level 5 of the Dungeon
  5501 | D:5      | Found a staircase to the Ecumenical Temple.
  5505 | D:5      | Noticed Duvessa
  5505 | D:5      | Noticed Dowan
  5553 | D:5      | Killed Duvessa
  5553 | D:5      | Reached skill level 5 in Poison Magic
  5555 | D:5      | Killed Dowan
  5884 | D:5      | Noticed a +0 dagger
  5885 | D:5      | Noticed a +0 dagger
  5888 | D:5      | Found a hide-covered altar of Uskayaw.
  6094 | D:5      | Reached skill level 5 in Transmutations
  6658 | D:5      | Reached XP level 8. HP: 59/59 MP: 7/11
  7000 | D:6      | Found a shadowy altar of Dithmenos.
  8120 | D:6      | Reached skill level 7 in Unarmed Combat
  8454 | Temple   | Entered the Ecumenical Temple
  8491 | Temple   | Became a worshipper of Fedhas Madash
  8812 | D:7      | Reached XP level 9. HP: 63/64 MP: 8/12
  9024 | D:7      | Reached skill level 8 in Unarmed Combat
  9178 | D:7      | Found an ancient bone altar of Kikubaaqudgha.
  9444 | D:7      | Found a basalt altar of Yredelemnul.
  9444 | D:7      | Found a sacrificial altar of Ru.
  9447 | D:7      | Reached skill level 9 in Unarmed Combat
  9674 | D:7      | Found a burning altar of Makhleb.
  9787 | D:8      | Learned a level 4 spell: Ice Form
 10353 | D:8      | Reached * piety under Fedhas
 10385 | D:7      | HP: 3/73 [crocodile (8)]
 10399 | D:7      | Mangled by a crocodile

Illustrated notes

Levels and vault maps discovered:
D:1:      dpeg_arrival_arbitrary_a, layout_basic, minmay_shallow_snake_nest
D:2:      layout_loops_ring, minmay_tree_intersection
D:3:      layout_loops_corners, nicolae_overflow_crystal_walls,
          serial_bayou_pond_e, uniq_robin
D:4:      layout_basic, kennysheep_mini_moat, marbit_many_paths, first_ration,
          chequers_serial_rivers_micro_d, uniq_natasha, uniq_edmund
D:5:      layout_cave_pods, dancing_weapons_uskayaw,
          minmay_temple_entry_stoned_glass, uniq_duvessa
D:6:      layout_basic, nicolae_dithmenos_the_darkroom
D:7:      layout_rooms, lemuel_round_altar, overflow_temple_1_default,
          gammafunk_temple_overflow_elements, nrook_mini_backslash
D:8:      layout_cave_pods, zin_statuary, amethyst_overflow_temple_binary,
          minmay_lair_entry_grove
Temple:   jpeg_temple_alley_garden

Skill      XL: |  1  2  3  4  5  6  7  8  9 |
---------------+----------------------------+-----
Transmutations | 3 4 5 8 |  8.0
Unarmed Combat | 4 5 6 7 9 |  9.0
Poison Magic   | 3 6 |  6.2
Fighting       | 4 |  4.8
Dodging        | |  1.7
Spellcasting   | |  2.0
Ice Magic      | |  0.1

Action                   |  1- 3 |  4- 6 |  7- 9 || total
-------------------------+-------+-------+-------++-------
Melee: Unarmed           |   141 |    68 |   214 ||   423
       Tailslap          |    12 |     3 |       ||    15
       Kick              |    11 |       |       ||    11
       Punch             |     2 |     1 |       ||     3
       Headbutt          |     1 |     1 |       ||     2
 Fire: Hunting sling     |    28 |   177 |   204 ||   409
 Cast: Beastly Appendage |    10 |     2 |       ||    12
       Spider Form       |       |     7 |    33 ||    40
       Ice Form          |       |       |     1 ||     1
  Use: Potion            |       |       |     3 ||     3
       Scroll            |       |       |     2 ||     2
 Stab: Sleeping          |     1 |       |     1 ||     2
  Eat: Chunk             |     4 |     9 |    19 ||    32
       Ration            |       |       |     2 ||     2
Armor: Skin              |    57 |    43 |    57 ||   157
Dodge: Dodged            |   110 |    89 |   303 ||   502
